 Dungeon Crawl Stone Soup version 0.30.1-11-g7821555f0a (webtiles) character file.

Game seed: 3449421610739440693

32 booth the Trooper (level 3, -2/29 HPs)
             Began as a Demonspawn Monk on Nov 6, 2023.
             Killed by divine providence
             ... invoked by an orc priest
              (9 damage)
             ... on level 2 of the Dungeon.
             The game lasted 00:04:25 (773 turns).

booth the Trooper (Demonspawn Monk)                  Turns: 773, Time: 00:04:25

Health: -2/29      AC:  3    Str: 13    XL:     3   Next: 10%
Magic:  3/3        EV: 12    Int: 11    God:
Gold:   15         SH:  0    Dex: 15    Spells: 2/2 levels left

rFire   . . .        a - +0 hand axe
rCold   . . .        d - orb {light}
rNeg    . . .        k - +0 leather armour
rPois   .            (no helmet)
rElec   .            (no cloak)
rCorr   .            (no gloves)
SInv    .            (no boots)
Will    .....        (no amulet)
Stlth   +            (no ring)
HPRegen 0.24/turn    (no ring)
MPRegen 0.08/turn

%: no passive effects
@: confused, glowing
A: demonic magic 1
a: no special abilities


You were on level 2 of the Dungeon.
You visited 1 branch of the dungeon, and saw 2 of its levels.

You collected 15 gold pieces.

Inventory:

Hand Weapons
 a - a +0 hand axe (weapon)
 f - a +0 mace
Armour
 b - a +0 robe
 d - an orb of light (worn)
 k - a +0 leather armour (worn)
Jewellery
 g - a ring of ice
Scrolls
 h - a scroll of silence
 i - a scroll of amnesia
 j - 2 scrolls of vulnerability
 m - a scroll of immolation {unknown}
Potions
 c - a potion of ambrosia


   Skills:
 + Level 3.2 Fighting
 * Level 3.2 Axes
 + Level 0.9 Throwing
 + Level 3.0 Dodging


You had 2 spell levels left.
You didn't know any spells.
Your spell library contained the following spells:

 Spells                   Type           Power      Damage    Failure   Level
 Magic Dart               Conj           0%         1d3       41%         1
 Summon Small Mammal      Summ           0%         N/A       41%         1
 Call Imp                 Summ           0%         N/A       56%         2
 Call Canine Familiar     Summ           0%         N/A       80%         3
 Mephitic Cloud           Conj/Pois/Air  0%         N/A       80%         3
 Summon Guardian Golem    Hex/Summ       0%         N/A       80%         3
 Vhi's Electric Charge    Tloc/Air       0%         N/A       80%         3
 Arcjolt                  Conj/Air       0%         1d10      100%        5
 Plasma Beam              Fire/Air       0%         2x1d11    100%        6


Dungeon Overview and Level Annotations

Branches:
Dungeon (2/15)

Altars:


Innate Abilities, Weirdness & Mutations

Spells you cast may paralyse adjacent enemies.


Message History

Aim: an orc wizard, wielding a +0 dagger and wearing a +0 robe (moderately wounded, very poisoned, 51% to hit)
You throw a poisoned dart.
The poisoned dart closely misses the orc wizard.
The poisoned dart barely misses the orc.
The poisoned dart hits the worm.
The worm is poisoned.
The endoplasm quivers.
An orc priest comes into view. It is wielding a +0 club.
Throw: 2 darts (poison)
Press: ? - help, Q - select action Shift-Dir - straight line, f/p - orc wizard
Aim: an orc wizard, wielding a +0 dagger and wearing a +0 robe (moderately wounded, very poisoned, haloed, 70% to hit)
You throw a poisoned dart.
The poisoned dart closely misses the orc wizard.
The poisoned dart hits the endoplasm.
The orc priest shouts!
The orc wizard points at you and mumbles some strange words.
The puff of flame hits you!
A giant cockroach comes into view.
Throw: dart (poison)
Press: ? - help, Q - select action Shift-Dir - straight line, f/p - orc wizard
Aim: an orc wizard, wielding a +0 dagger and wearing a +0 robe (moderately wounded, very poisoned, haloed, 70% to hit)
You throw a poisoned dart. The poisoned dart hits the orc wizard.
The orc wizard looks even sicker.
The orc wizard is moderately wounded.
You closely miss the orc wizard.
The orc wizard is moderately wounded.
The orc priest mumbles some strange prayers to Beogh against you.
Beogh smites you!
* * * LOW HITPOINT WARNING * * *
The orc wizard misses you.
You hit the orc wizard but do no damage.
The orc wizard is moderately wounded.
The orc wizard casts a spell at you.
You are confused.
You bump into the rock wall.
The worm looks more healthy.
The orc wizard hits you with a +0 dagger.
* * * LOW HITPOINT WARNING * * *
The orc priest calls down the wrath of Beogh upon you.
Beogh smites you!
You die...

#†# #.# #.#
#.# ####.#
#....#
#.####
#.########.


#.@.oJJoow( ########B.. You could see a worm, an orc priest, an orc wizard (very
poisoned), an orc, 2 endoplasms and a giant cockroach.

Vanquished Creatures
  A gnoll (D:2)
  4 bats (D:1)
  An endoplasm (D:1)
  A giant cockroach (D:2)
  3 goblins (D:1)
  2 hobgoblins
  2 kobolds
  2 quokkas (D:1)
  4 ball pythons
  A frilled lizard (D:1)
  2 rats (D:1)
23 creatures vanquished.

Notes
Turn   | Place    | Note
-------+----------+-------------------------------------------
     0 | D:1      | booth the Demonspawn Monk began the quest for the Orb.
     0 | D:1      | Reached XP level 1. HP: 18/18 MP: 1/1
   184 | D:1      | Gained mutation: Spells you cast may paralyse adjacent
                  | enemies. [demonic ancestry]
   184 | D:1      | Reached XP level 2. HP: 9/24 MP: 2/2
   712 | D:2      | Reached XP level 3. HP: 21/29 MP: 3/3
   773 | D:2      | Killed from afar by an orc priest

Illustrated notes

Levels and vault maps discovered:
D:1:      psy_arrival_fountain, layout_rooms
D:2:      layout_basic, shapermc_ecumenical_altar_totnotflames,
          item_on_display_a

Skill      XL: |  1  2  3 |
---------------+----------+-----
Axes           | 3 |  3.2
Dodging        | 3 |  3.0
Fighting       | |  3.2
Throwing       | |  0.9

Action                     || total
---------------------------++-------
  Melee: Hand axe          ||    67
  Throw: Dart              ||     5
    Use: Scroll            ||     3
 Armour: Robe              ||    12
         Leather armour    ||     9
  Dodge: Dodged            ||    51
